[Event "Titled Tuesday Blitz June 6 Early 2023"]
[White "Tejedor Fuente, Enrique"]
[Black "Lee, Qing Aun"]
[WhiteFideId "2299100"]
[BlackFideId "5804167"]
[WhiteElo "2496"]
[BlackElo "2179"]
[Result "1-0"]
[Round "7"]
[TimeControl "180+2"]
[Date "2023.06.06"]
[WhiteClock "0:00:05"]
[BlackClock "0:00:03"]
[Board "38"]

1. c4 e6 2. Nf3 f5 3. Nc3 Nf6 4. Qc2 b6 5. e4 fxe4 6. Nxe4 Bb7 7. Bd3 Nc6 8. a3 d5 9. Neg5 Qd7 10. O-O Be7 11. Re1 dxc4 12. Bxc4 Nd4 13. Nxd4 Qxd4 14. Nxe6 Qg4 15. Nxc7+ Kf8 16. Ne6+ Ke8 17. f3 Bxf3 18. Bf1 Bd5 19. Nc7+ Kf7 20. Nxd5 Nxd5 21. Re4 Qf5 22. Bc4 Bc5+ 23. d4 Bxd4+ 24. Kh1 Rhe8 25. Re7+ Kf6 26. Qxf5+ Kxf5 27. g4+ Kxg4 28. Be2+ Kh3 29. Bf1+ Kg4 30. Be2+ Kh3 31. Bf1+ Kg4 32. Rxe8 Rxe8 33. Bd2 Rf8 34. Bg2 Kf5 35. Bxd5 Rd8 36. Rf1+ Ke5 37. Bg2 Bxb2 38. Bg5 Rc8 39. Re1+ Kf5 40. Bh3+ Kxg5 41. Bxc8 Bf6 42. a4 h5 43. Ba6 h4 44. h3 Bc3 45. Rd1 Kf4 46. Kg2 g5 47. Rd7 Ke3 48. Rxa7 1-0


[Site "https://www.chess.com"]

[Event "Titled Tuesday Blitz June 6 Early 2023"]
[White "Sokolovsky, Yahli"]
[Black "Agibileg, Uurtsaikh"]
[WhiteFideId "2820242"]
[BlackFideId "4901606"]
[WhiteElo "2389"]
[BlackElo "2353"]
[Result "0-1"]
[Round "7"]
[TimeControl "180+2"]
[Date "2023.06.06"]
[WhiteClock "0:00:02"]
[BlackClock "0:01:36"]
[Board "39"]

1. b3 e5 2. Bb2 Nc6 3. e3 Nf6 4. Nf3 d6 5. d4 exd4 6. exd4 d5 7. Bb5 Be7 8. Ne5 O-O 9. Bxc6 bxc6 10. Nxc6 Qd7 11. Nxe7+ Qxe7+ 12. Qe2 Qd6 13. Ba3 Qc6 14. Bxf8 Ba6 15. c4 dxc4 16. Be7 cxb3 17. Qb2 Re8 18. axb3 Rxe7+ 19. Kd1 Be2+ 20. Qxe2 Rxe2 21. Kxe2 Qe4+ 22. Kf1 Qd3+ 23. Ke1 Nd5 24. g3 g5 25. Nd2 Nc3 0-1


[Site "https://www.chess.com"]

[Event "Titled Tuesday Blitz June 6 Early 2023"]
[White "Girya, Olga"]
[Black "Fernandez Guillen, Ernesto J."]
[WhiteFideId "4195752"]
[BlackFideId "3512428"]
[WhiteElo "2263"]
[BlackElo "2434"]
[Result "0-1"]
[Round "7"]
[TimeControl "180+2"]
[Date "2023.06.06"]
[WhiteClock "0:00:02"]
[BlackClock "0:00:52"]
[Board "40"]

1. d4 Nf6 2. Nf3 g6 3. Bg5 Bg7 4. Nbd2 d5 5. Bxf6 exf6 6. e3 O-O 7. c4 dxc4 8. Bxc4 c6 9. O-O Nd7 10. a4 Nb6 11. Bb3 a5 12. Ne4 f5 13. Nc5 Nd5 14. Qd2 Re8 15. Rac1 Bf6 16. Rfe1 Kg7 17. h3 h5 18. Nd3 g5 19. Nfe5 g4 20. Bxd5 cxd5 21. Nf4 Rh8 22. Rc5 Be6 23. Nxe6+ fxe6 24. Rec1 Bxe5 25. dxe5 gxh3 26. Rc7+ Kh6 27. e4+ Qg5 28. Qxg5+ Kxg5 29. exd5 exd5 30. Rxb7 Rhe8 31. Re1 hxg2 32. Rd7 Rad8 33. Rxd8 Rxd8 34. Kxg2 Kf4 35. e6 d4 36. e7 Rg8+ 37. Kh3 Re8 38. Kh4 Kf3 39. Rd1 Rxe7 40. Kxh5 Rd7 41. Kg5 Kxf2 42. Kxf5 Ke2 43. Ra1 d3 44. Ke6 Rd8 45. b4 axb4 46. a5 d2 47. a6 d1=Q 0-1


[Site "https://www.chess.com"]

[Event "Titled Tuesday Blitz June 6 Early 2023"]
[White "Djordjevic, Vuk"]
[Black "Martic, Ivan"]
[WhiteFideId "902098"]
[BlackFideId "929301"]
[WhiteElo "2463"]
[BlackElo "2346"]
[Result "1-0"]
[Round "7"]
[TimeControl "180+2"]
[Date "2023.06.06"]
[WhiteClock "0:00:21"]
[BlackClock "0:00:07"]
[Board "41"]

1. d4 Nf6 2. Bg5 d5 3. Bxf6 exf6 4. e3 Bd6 5. c4 dxc4 6. Bxc4 f5 7. Nc3 O-O 8. Nf3 c6 9. O-O Nd7 10. Qc2 Nf6 11. Rab1 Qe7 12. h3 Ne4 13. Nd2 Re8 14. Bd3 g6 15. Ndxe4 fxe4 16. Nxe4 Bc7 17. Qc5 Bf5 18. Qxe7 Rxe7 19. Nc5 Bxd3 20. Nxd3 Bd6 21. Rbc1 a5 22. a4 Kg7 23. Rfd1 f5 24. Rc4 Ra6 25. d5 cxd5 26. Rd4 Rb6 27. Rxd5 Bc7 28. Rxa5 Rxb2 29. Rxf5 Ra2 30. Rd5 Rxa4 31. Nc5 Rc4 32. Rd7 Bd8 33. Ne6+ Kf6 34. Nxd8 Rxd7 35. Rxd7 b5 36. Rxh7 b4 37. Rb7 1-0


[Site "https://www.chess.com"]

[Event "Titled Tuesday Blitz June 6 Early 2023"]
[White "Weetik, Vjacheslav"]
[Black "Bayo Milagro, Alvaro"]
[WhiteFideId "4153472"]
[BlackFideId "22275240"]
[WhiteElo "2469"]
[BlackElo "2270"]
[Result "1-0"]
[Round "7"]
[TimeControl "180+2"]
[Date "2023.06.06"]
[WhiteClock "0:01:47"]
[BlackClock "0:00:13"]
[Board "42"]

1. d4 Nf6 2. c4 e6 3. g3 d5 4. Nf3 Be7 5. Bg2 O-O 6. O-O b6 7. cxd5 exd5 8. Nc3 Bb7 9. Ne5 Na6 10. Bf4 c5 11. dxc5 Nxc5 12. Rc1 Ne6 13. Qa4 Nxf4 14. gxf4 a6 15. Rcd1 Rc8 16. Qb3 Bc5 17. e3 Ba8 18. Nxd5 Nxd5 19. Bxd5 Bxd5 20. Rxd5 Qf6 21. Rd7 Bd6 22. Qd5 Rcd8 23. Rd1 Rxd7 24. Nxd7 Qg6+ 25. Qg5 Qxg5+ 26. fxg5 1-0


[Site "https://www.chess.com"]

[Event "Titled Tuesday Blitz June 6 Early 2023"]
[White "Danielyan, Vahe"]
[Black "Wadsworth, Matthew J"]
[WhiteFideId "13304828"]
[BlackFideId "415804"]
[WhiteElo "2423"]
[BlackElo "2347"]
[Result "1-0"]
[Round "7"]
[TimeControl "180+2"]
[Date "2023.06.06"]
[WhiteClock "0:02:15"]
[BlackClock "0:00:19"]
[Board "43"]

1. e4 c5 2. Nc3 e6 3. g3 Nc6 4. Bg2 Nf6 5. Nge2 Be7 6. O-O O-O 7. d4 cxd4 8. Nxd4 a6 9. Nxc6 bxc6 10. e5 Nd5 11. Ne4 f5 12. Nd6 Bxd6 13. exd6 Qf6 14. c4 Nb6 15. Qc2 a5 16. Be3 Rb8 17. Rad1 Ba6 18. b3 e5 19. Rfe1 f4 20. gxf4 exf4 21. Bd4 Qh6 22. Re7 Rf7 23. Rxf7 Kxf7 24. Qf5+ Kg8 25. Bxb6 Rxb6 26. Qxd7 Rb8 27. Qxc6 Qg5 28. d7 f3 29. Qxf3 1-0


[Site "https://www.chess.com"]

[Event "Titled Tuesday Blitz June 6 Early 2023"]
[White "Terletsky, Oleg"]
[Black "Csonka, Balazs"]
[WhiteFideId "14116774"]
[BlackFideId "742910"]
[WhiteElo "2126"]
[BlackElo "2404"]
[Result "0-1"]
[Round "7"]
[TimeControl "180+2"]
[Date "2023.06.06"]
[WhiteClock "0:00:06"]
[BlackClock "0:00:04"]
[Board "44"]

1. e4 c5 2. Nf3 d6 3. d4 cxd4 4. Nxd4 Nf6 5. Nc3 a6 6. Bc4 e6 7. O-O Nc6 8. Kh1 Be7 9. f4 O-O 10. f5 d5 11. exd5 exd5 12. Bb3 Na5 13. Bg5 Nxb3 14. axb3 Re8 15. Qf3 Ne4 16. Bxe7 Rxe7 17. Rae1 Nd2 18. Qxd5 Rd7 19. Qe5 f6 20. Qe8+ Qxe8 21. Rxe8+ Kf7 22. Rfe1 b5 23. Nd5 Raa7 24. Rxc8 Rxd5 25. Nc6 Rad7 26. Ree8 Rxf5 27. Rf8+ Kg6 28. h3 Rf1+ 29. Kh2 Rf2 30. Kg3 Re2 31. Nd4 Rxd4 32. c3 Rd3+ 33. Kh2 Nf3+ 34. Kg3 Ne1+ 35. Kf4 Nxg2+ 36. Kg4 Re4# 0-1


[Site "https://www.chess.com"]

[Event "Titled Tuesday Blitz June 6 Early 2023"]
[White "Pakleza, Zbigniew"]
[Black "Mladek, Richard"]
[WhiteFideId "1119290"]
[BlackFideId "386588"]
[WhiteElo "2410"]
[BlackElo "2332"]
[Result "1-0"]
[Round "7"]
[TimeControl "180+2"]
[Date "2023.06.06"]
[WhiteClock "0:01:11"]
[BlackClock "0:00:48"]
[Board "45"]

1. d4 Nf6 2. Nf3 g6 3. Bf4 Bg7 4. e3 O-O 5. Be2 d6 6. h3 Nbd7 7. O-O Qe8 8. c4 e5 9. Bh2 b6 10. Nc3 a6 11. Rc1 Bb7 12. b4 exd4 13. exd4 Ne4 14. Nd5 Qd8 15. Re1 Re8 16. Bd3 Ndf6 17. Ne3 c5 18. bxc5 bxc5 19. d5 Bh6 20. Qc2 Qe7 21. Rb1 Bc8 22. Ng4 Nxg4 23. Rxe4 Ne5 24. Nxe5 dxe5 25. Rxe5 Qf8 26. Qa4 Rxe5 27. Bxe5 Qe7 28. Qc6 1-0


[Site "https://www.chess.com"]

[Event "Titled Tuesday Blitz June 6 Early 2023"]
[White "Zheenbekov, Nurgazy"]
[Black "Koshulyan, Egor A."]
[WhiteFideId "13800485"]
[BlackFideId "24237000"]
[WhiteElo "1975"]
[BlackElo "2216"]
[Result "0-1"]
[Round "7"]
[TimeControl "180+2"]
[Date "2023.06.06"]
[WhiteClock "0:00:03"]
[BlackClock "0:00:13"]
[Board "46"]

1. e4 c5 2. Nf3 Nc6 3. Bb5 g5 4. h3 Nf6 5. Nc3 g4 6. hxg4 Nxg4 7. d4 a6 8. Bc4 cxd4 9. Bxf7+ Kxf7 10. Ng5+ Ke8 11. Qxg4 d6 12. Qh5+ Kd7 13. Nd5 Ne5 14. Bf4 e6 15. Bxe5 dxe5 16. Qf7+ Kd6 17. Qh5 Kc6 18. Nf7 Qa5+ 19. c3 exd5 20. Qxe5 Rg8 21. O-O Bh3 22. Qf6+ Kc7 23. Rfc1 d3 24. c4 Rxg2+ 25. Kh1 d4 26. Qf4+ Kb6 27. c5+ Ka7 28. c6 Qh5 29. cxb7 Rb8 30. Nd8 Rxd8 31. Rc8 Bxc8+ 32. Kxg2 Bxb7 33. Rc1 Qg6+ 34. Kf1 Bh6 0-1


[Site "https://www.chess.com"]

[Event "Titled Tuesday Blitz June 6 Early 2023"]
[White "Papasimakopoulos, Alexandros"]
[Black "Andreev, Konstantin"]
[WhiteFideId "4244125"]
[BlackFideId "24239305"]
[WhiteElo "2359"]
[BlackElo "2106"]
[Result "1-0"]
[Round "7"]
[TimeControl "180+2"]
[Date "2023.06.06"]
[WhiteClock "0:00:20"]
[BlackClock "0:00:57"]
[Board "47"]

1. d4 Nf6 2. c4 e6 3. Nc3 Bb4 4. e3 O-O 5. Bd2 Re8 6. Nf3 Bf8 7. Bd3 d6 8. e4 e5 9. d5 c6 10. O-O g6 11. b4 Bg7 12. Qb3 cxd5 13. cxd5 Bg4 14. Ne1 Nh5 15. f3 Bc8 16. g3 Nd7 17. Nc2 Nb6 18. a4 Bd7 19. a5 Nc8 20. Be3 f5 21. exf5 gxf5 22. Bf2 Ne7 23. Rac1 Ng6 24. Ne3 Qg5 25. Ng2 f4 26. Ne4 Qe7 27. g4 Nf6 28. Rc7 Reb8 29. Rfc1 Ne8 30. R7c2 a6 31. h4 Rc8 32. h5 Nf8 33. Bh4 Qf7 34. Ng5 Qf6 35. Nxh7 Qh6 36. Bg5 Qxh7 37. Bxh7+ Nxh7 38. Bh4 e4 39. Rxc8 Rxc8 40. Rxc8 Bxc8 41. Nxf4 exf3 42. Qxf3 Nef6 43. Ne6 Bh8 44. g5 Ne8 45. g6 Nhf6 46. h6 1-0


[Site "https://www.chess.com"]

[Event "Titled Tuesday Blitz June 6 Early 2023"]
[White "Quintiliano Pinto, Renato R."]
[Black "Pham, Le Thao Nguyen"]
[WhiteFideId "2117568"]
[BlackFideId "12401226"]
[WhiteElo "2459"]
[BlackElo "2286"]
[Result "0-1"]
[Round "7"]
[TimeControl "180+2"]
[Date "2023.06.06"]
[WhiteClock "0:00:10"]
[BlackClock "0:00:07"]
[Board "48"]

1. c4 c6 2. Nf3 d5 3. e3 Nf6 4. b3 Bg4 5. Bb2 e6 6. Nc3 Nbd7 7. h3 Bh5 8. Be2 Bd6 9. d4 Ne4 10. Nxe4 dxe4 11. Nd2 Bg6 12. O-O O-O 13. Bh5 Bxh5 14. Qxh5 f5 15. a3 Rf6 16. Qe2 Rg6 17. f3 Qh4 18. fxe4 fxe4 19. c5 Bc7 20. Nc4 Qxh3 21. Nd6 Nf6 22. Rf4 Bxd6 23. cxd6 Rd8 24. Raf1 Rxd6 25. Qf2 Qg3 26. Qxg3 Rxg3 27. Kf2 Rg5 28. Rc1 Rdd5 29. g3 Kf7 30. a4 h5 31. Ba3 a6 32. Bc5 Rgf5 33. Bb6 g5 34. Rxf5 exf5 35. Bc7 Ke6 36. Ke2 Ng4 37. Rh1 Nf6 38. Be5 c5 39. Bxf6 Kxf6 40. Rxh5 cxd4 41. exd4 Rxd4 42. Rh6+ Ke5 43. Rb6 Rd3 44. Rxb7 Rxg3 45. b4 f4 46. a5 Rg2+ 47. Kf1 Rb2 48. Rb6 f3 0-1


[Site "https://www.chess.com"]

[Event "Titled Tuesday Blitz June 6 Early 2023"]
[White "Redzisz, Michal"]
[Black "Kashlinskaya, Alina"]
[WhiteFideId "21816107"]
[BlackFideId "4198026"]
[WhiteElo "2175"]
[BlackElo "2383"]
[Result "1-0"]
[Round "7"]
[TimeControl "180+2"]
[Date "2023.06.06"]
[WhiteClock "0:00:14"]
[BlackClock "0:00:06"]
[Board "49"]

1. e4 c6 2. d4 d5 3. e5 Bf5 4. Nc3 e6 5. g4 Bg6 6. Nge2 h6 7. Nf4 Bh7 8. h4 Be7 9. g5 hxg5 10. hxg5 Bxg5 11. Nxe6 fxe6 12. Qh5+ Kd7 13. Bxg5 Qf8 14. O-O-O Ne7 15. Bxe7 Qf4+ 16. Rd2 Kxe7 17. Bd3 Nd7 18. Bxh7 Nf8 19. Ne2 Qf7 20. Qg5+ Kd7 21. Be4 Rxh1+ 22. Bxh1 Ng6 23. f4 Rh8 24. Bf3 Ne7 25. Bg4 Rh6 26. b3 Rg6 27. Qh4 Rh6 28. Qg5 Rg6 29. Bh5 Rxg5 30. Bxf7 Rg1+ 31. Kb2 Rg2 32. Kc1 Nf5 33. Nc3 Rg1+ 34. Kb2 g6 35. Rh2 Nxd4 36. Ne2 Nxe2 37. Rxe2 Ke7 38. Bg8 Rh1 39. Rg2 Rh6 40. c4 b6 41. cxd5 cxd5 42. Kc3 Rh3+ 43. Kb4 Rh4 44. Rxg6 Rxf4+ 45. Kb5 Rf2 46. a4 Rb2 47. Kb4 a5+ 48. Ka3 Rc2 49. Bxe6 d4 50. Bc4 Rc3 51. Rxb6 d3 52. Rd6 Rc1 53. Rxd3 Re1 54. e6 Ra1+ 55. Kb2 Re1 56. Rd7+ Ke8 57. Ra7 Kd8 58. e7+ Rxe7 59. Rxe7 Kxe7 60. Kc3 Kd6 61. Kd4 Kc6 62. Bb5+ Kb6 63. Kd5 Ka7 64. Kc5 Kb8 65. Kb6 Ka8 66. Kxa5 1-0


[Site "https://www.chess.com"]

[Event "Titled Tuesday Blitz June 6 Early 2023"]
[White "Hristodoulou, Panagiotis"]
[Black "benny_aizenberg"]
[WhiteFideId "4214340"]
[WhiteElo "2272"]
[BlackElo "2717"]
[Result "0-1"]
[Round "7"]
[TimeControl "180+2"]
[Date "2023.06.06"]
[WhiteClock "0:00:02"]
[BlackClock "0:00:03"]
[Board "50"]

1. e4 c5 2. Nf3 d6 3. d4 cxd4 4. Nxd4 Nf6 5. Nc3 a6 6. Be2 e5 7. Nf3 Be7 8. Bg5 O-O 9. O-O Nbd7 10. a4 h6 11. Be3 b6 12. Nd2 Bb7 13. Bf3 Rc8 14. Qe2 Nc5 15. Rfd1 Qc7 16. g3 Rfd8 17. Bg2 d5 18. exd5 Nxd5 19. Nxd5 Bxd5 20. Bxd5 Rxd5 21. b4 Ne6 22. Qxa6 Bxb4 23. Nf3 Rxd1+ 24. Rxd1 Qxc2 25. Rc1 Qxc1+ 26. Bxc1 Rxc1+ 27. Kg2 e4 28. Qa8+ Bf8 29. Qxe4 Nc5 30. Qc6 Ra1 31. Qxb6 Rxa4 32. Ne5 Ra6 33. Qd8 Re6 34. Qc7 Rf6 35. Nd7 Nxd7 36. Qxd7 Rd6 37. Qc7 g6 38. g4 Kg7 39. h3 Re6 40. Qc4 Bd6 41. f4 Rf6 42. f5 gxf5 43. Qd4 f4 44. Kf3 Kg6 45. h4 Re6 46. h5+ Kh7 47. Qd3+ Kg7 48. Qd4+ Kg8 49. Kf2 Be5 50. Qd8+ Kg7 51. g5 hxg5 52. Qxg5+ Kh7 53. Kf3 Bd6 54. Kg4 Kh8 55. Qd8+ Kg7 56. Kg5 Be7+ 0-1


[Site "https://www.chess.com"]

[Event "Titled Tuesday Blitz June 6 Early 2023"]
[White "Jaracz, Pawel"]
[Black "Nikologorsky, Matfei"]
[WhiteFideId "1102222"]
[BlackFideId "24102474"]
[WhiteElo "2454"]
[BlackElo "2153"]
[Result "0-1"]
[Round "7"]
[TimeControl "180+2"]
[Date "2023.06.06"]
[WhiteClock "0:00:06"]
[BlackClock "0:00:07"]
[Board "51"]

1. e4 c5 2. Nf3 e6 3. d4 cxd4 4. Nxd4 a6 5. Bd3 Nf6 6. O-O Qc7 7. Qe2 d6 8. f4 Be7 9. c4 Nbd7 10. Nc3 O-O 11. Be3 b6 12. Rac1 Bb7 13. f5 e5 14. Nf3 Rac8 15. Kh1 Nc5 16. Nd2 Qb8 17. Bg5 Qa8 18. b4 Nxd3 19. Qxd3 Rfe8 20. Bxf6 Bxf6 21. Rc2 Qb8 22. Nf3 Qc7 23. Nd5 Bxd5 24. Qxd5 Be7 25. Rfc1 Qc6 26. Qd3 h6 27. h4 a5 28. b5 Qb7 29. g4 f6 30. Kg2 Rc5 31. Nd2 Rec8 32. Nf1 Kf7 33. Ne3 Bd8 34. Nd5 Qd7 35. a4 Qe8 36. Qf3 Qh8 37. Kf1 Qh7 38. Ke2 Bc7 39. Kd3 Bd8 40. Rc3 Kf8 41. R1c2 Kf7 42. Kd2 Kf8 43. Kc1 Kf7 44. Kb2 Kf8 45. Kb3 Kf7 46. Rh2 Kf8 47. Rh1 Kf7 48. Qe2 Kf8 49. Rd1 Qg8 50. Ne3 Be7 51. Rd5 Qf7 52. Rcd3 Ke8 53. Rxc5 dxc5 54. Nd5 Bd8 55. Rg3 Rb8 56. Qe3 Rb7 57. Qd2 Rd7 58. Rd3 Kf8 59. Qh2 Ke8 60. g5 fxg5 61. Qxe5+ Kf8 62. hxg5 Bxg5 63. Qb8+ Bd8 64. Qe5 Qe8 65. Qf4 Qf7 66. e5 Bg5 67. Qe4 Qe8 68. e6 Rd8 69. Qe5 Kg8 70. Rg3 Kh7 71. Qe4 Kh8 72. f6 gxf6 73. Qf5 Rd6 74. Rxg5 fxg5 75. Qf6+ Kh7 76. Qf5+ Qg6 77. Nf6+ Kg7 78. Qxg6+ Kxg6 79. e7 Re6 80. e8=Q+ Rxe8 81. Nxe8 Kf5 82. Nd6+ Ke5 83. Nf7+ Kf4 84. Nxh6 g4 85. Kc3 g3 0-1


[Site "https://www.chess.com"]

[Event "Titled Tuesday Blitz June 6 Early 2023"]
[White "Gabdushev, Ruslan"]
[Black "Tristan, Leonardo"]
[WhiteFideId "4137833"]
[BlackFideId "113816"]
[WhiteElo "2233"]
[BlackElo "2461"]
[Result "1-0"]
[Round "7"]
[TimeControl "180+2"]
[Date "2023.06.06"]
[WhiteClock "0:00:01"]
[BlackClock "0:00:01"]
[Board "52"]

1. b3 d5 2. Bb2 Bf5 3. e3 e6 4. f4 c5 5. Nf3 Nc6 6. Bb5 Ne7 7. Ne5 Qb6 8. Bxc6+ Nxc6 9. O-O f6 10. Nxc6 Qxc6 11. d3 O-O-O 12. Nd2 h5 13. Qf3 Bg4 14. Qf2 Bd6 15. Nf3 Bf5 16. Rad1 Qc7 17. h3 Kb8 18. Rfe1 Bg6 19. Qg3 Bf5 20. Qf2 Rhe8 21. e4 Bh7 22. e5 Be7 23. Qh4 f5 24. Qxh5 Rh8 25. Ng5 g6 26. Qf3 Bxg5 27. fxg5 Bg8 28. c3 Bf7 29. Bc1 d4 30. c4 Be8 31. Bf4 Bc6 32. Qe2 b6 33. a3 Kc8 34. b4 Kd7 35. Kh2 Ke7 36. Kg3 Kf7 37. Rb1 Rb8 38. Rb2 b5 39. Rc1 Qe7 40. cxb5 Rxb5 41. bxc5 Rxc5 42. Rbc2 Rxc2 43. Qxc2 Rc8 44. Qc5 Qd7 45. Qd6 Qe8 46. Rc5 Bd5 47. Rxc8 Qxc8 48. Qb4 Qc2 49. Qd2 1-0


[Site "https://www.chess.com"]

[Event "Titled Tuesday Blitz June 6 Early 2023"]
[White "Wagner, Dennis"]
[Black "Yonal, Timur"]
[WhiteFideId "24650684"]
[BlackFideId "44115725"]
[WhiteElo "2478"]
[BlackElo "1966"]
[Result "1-0"]
[Round "7"]
[TimeControl "180+2"]
[Date "2023.06.06"]
[WhiteClock "0:00:05"]
[BlackClock "0:00:05"]
[Board "53"]

1. d4 d5 2. c4 e6 3. Nf3 a6 4. Bg5 Nf6 5. Nbd2 Be7 6. e3 O-O 7. Bd3 dxc4 8. Nxc4 b5 9. Nce5 Bb7 10. Rc1 Nbd7 11. Nc6 Bxc6 12. Rxc6 h6 13. Bh4 Bb4+ 14. Ke2 Qe7 15. Qc2 Rfc8 16. Rxc7 Rxc7 17. Qxc7 Bd6 18. Qc6 Qf8 19. Rc1 Ra7 20. Qc8 Ra8 21. Qxf8+ Kxf8 22. Rc6 Ke7 23. e4 e5 24. Rxd6 Kxd6 25. dxe5+ Nxe5 26. Bg3 Nd7 27. Nd4 Kc5 28. Nb3+ Kb6 29. Bb1 Nc4 30. f4 Nxb2 31. Bf2+ Kc7 32. e5 g5 33. g3 Re8 34. Kf3 Nc4 35. Bf5 a5 36. Nd4 b4 37. Nb5+ Kc6 38. Na7+ Kb7 39. Bxd7 Rd8 40. Bc6+ Kc7 41. Bb5 Nb6 42. f5 Rd5 43. e6 Rxf5+ 44. Kg4 fxe6 45. Be3 Kb7 46. Bd3 Kxa7 47. Bxf5 exf5+ 48. Kxf5 a4 49. Kg6 b3 50. axb3 axb3 51. Bd4 Ka6 52. Kxh6 Kb5 53. Kxg5 Na4 54. h4 Kc4 55. Ba1 Kd3 56. h5 Kc2 57. h6 Kb1 58. Be5 Kc2 59. h7 Nc3 60. Bxc3 Kxc3 61. h8=Q+ Kc2 62. g4 1-0


[Site "https://www.chess.com"]

[Event "Titled Tuesday Blitz June 6 Early 2023"]
[White "Sychev, Klementy"]
[Black "Matinian, Nikita"]
[WhiteFideId "4114060"]
[BlackFideId "24129100"]
[WhiteElo "2583"]
[BlackElo "2422"]
[Result "1-0"]
[Round "7"]
[TimeControl "180+2"]
[Date "2023.06.06"]
[WhiteClock "0:00:13"]
[BlackClock "0:00:03"]
[Board "54"]

1. e4 d6 2. d4 g6 3. Nc3 Bg7 4. Be3 a6 5. Nf3 b5 6. Bd3 Bb7 7. a4 b4 8. Ne2 Nf6 9. Ng3 h5 10. e5 Nd5 11. e6 fxe6 12. Bxg6+ Kd7 13. Nxh5 Bh6 14. Qd3 Qg8 15. O-O-O Bxe3+ 16. fxe3 Rh6 17. Nh4 Nc6 18. g4 a5 19. Rhg1 Ba6 20. Qe4 Nf6 21. Nxf6+ exf6 22. g5 fxg5 23. Rxg5 d5 24. Qg4 Ne7 25. Bd3 Qh8 26. Nf3 Bxd3 27. Ne5+ Kc8 28. cxd3 Rxh2 29. Qxe6+ Kb7 30. Qxe7 Qh6 31. Rg7 Qxe3+ 32. Kb1 Rxb2+ 33. Kxb2 Qe2+ 34. Kc1 Qe3+ 35. Kc2 1-0


[Site "https://www.chess.com"]

[Event "Titled Tuesday Blitz June 6 Early 2023"]
[White "Gorovets, Andrey"]
[Black "Zaksaite, Salomeja"]
[WhiteFideId "13504037"]
[BlackFideId "12801496"]
[WhiteElo "2459"]
[BlackElo "2059"]
[Result "1-0"]
[Round "7"]
[TimeControl "180+2"]
[Date "2023.06.06"]
[WhiteClock "0:01:38"]
[BlackClock "0:00:01"]
[Board "55"]

1. Nf3 Nf6 2. g3 g6 3. b3 Bg7 4. Bb2 d6 5. d4 O-O 6. Bg2 Nbd7 7. Nbd2 c5 8. c4 cxd4 9. Nxd4 e5 10. Nb5 Ne8 11. Ne4 f5 12. Nexd6 Nxd6 13. Qxd6 a6 14. Nc7 Rb8 15. Bd5+ Kh8 16. Ne6 Qf6 17. f4 Re8 18. fxe5 Nxe5 19. Qxb8 Nd3+ 20. exd3 Qxb2 21. O-O Bd7 22. Qd6 Bxe6 23. Bxe6 Qd4+ 24. Qxd4 Bxd4+ 25. Kg2 Bxa1 26. Rxa1 Rxe6 27. Kf2 Kg7 28. Re1 Rd6 29. Ke3 Kf6 30. d4 b6 31. d5 g5 32. Kd4 1-0


[Site "https://www.chess.com"]

[Event "Titled Tuesday Blitz June 6 Early 2023"]
[White "Kukhmazov, Arsen"]
[Black "Afanasieva, Alexandra"]
[WhiteFideId "24108260"]
[BlackFideId "34126926"]
[WhiteElo "2396"]
[BlackElo "1736"]
[Result "1-0"]
[Round "7"]
[TimeControl "180+2"]
[Date "2023.06.06"]
[WhiteClock "0:02:10"]
[BlackClock "0:00:21"]
[Board "56"]

1. d4 Nf6 2. c4 e6 3. Nc3 Bb4 4. Qc2 O-O 5. e4 d6 6. Bd3 e5 7. Ne2 c5 8. d5 Bg4 9. f3 Bh5 10. g4 Bxg4 11. fxg4 Nxg4 12. Ng3 Qh4 13. Qg2 Bxc3+ 14. bxc3 f5 15. exf5 Nd7 16. O-O Ndf6 17. Bd2 Rae8 18. Rae1 Nh5 19. Nxh5 Qxh5 20. Be2 1-0


[Site "https://www.chess.com"]

[Event "Titled Tuesday Blitz June 6 Early 2023"]
[White "splendidkid"]
[Black "Omelja, Artem"]
[BlackFideId "14119846"]
[WhiteElo "2750"]
[BlackElo "2404"]
[Result "1-0"]
[Round "7"]
[TimeControl "180+2"]
[Date "2023.06.06"]
[WhiteClock "0:01:21"]
[BlackClock "0:00:06"]
[Board "57"]

1. d4 Nf6 2. c4 e6 3. Nf3 b6 4. g3 Bb7 5. Bg2 c5 6. d5 exd5 7. Nh4 Be7 8. Nc3 O-O 9. Nf5 d6 10. Ne3 Nbd7 11. O-O Re8 12. Nexd5 Nxd5 13. Nxd5 Bf8 14. Nf6+ Nxf6 15. Bxb7 Rb8 16. Bg2 Qc7 17. Bg5 Be7 18. Qd3 h6 19. Bd2 Rbd8 20. Bc3 Nd7 21. Rab1 Bf6 22. Bd2 Ne5 23. Qc2 Nc6 24. e3 Ne5 25. Rfd1 Re7 26. Rbc1 Rde8 27. Be1 Rd8 28. b4 Nc6 29. a3 Ree8 30. Qa4 Ne5 31. h3 g6 32. f4 Nd7 33. Bf2 Bg7 34. Bf3 Nf6 35. Kg2 Ne4 36. Be1 f5 37. Rd3 Qd7 38. Qc2 g5 39. Rcd1 Qe6 40. Rd5 g4 41. hxg4 fxg4 42. Be2 h5 43. Bd3 Nf6 44. Rg5 d5 45. Bg6 Rf8 46. Re5 Qc6 47. cxd5 Nxd5 48. Rexd5 Rxd5 49. Qc4 Rd8 50. Be4 b5 51. Rxd5 1-0


[Site "https://www.chess.com"]

[Event "Titled Tuesday Blitz June 6 Early 2023"]
[White "De La Colina, Nicolas"]
[Black "Moral Garcia, Serafin"]
[WhiteFideId "30946921"]
[BlackFideId "2201925"]
[WhiteElo "2046"]
[BlackElo "2274"]
[Result "1-0"]
[Round "7"]
[TimeControl "180+2"]
[Date "2023.06.06"]
[WhiteClock "0:00:10"]
[BlackClock "0:00:13"]
[Board "58"]

1. e4 e5 2. Nf3 Nc6 3. Bc4 Bc5 4. c3 Nf6 5. d3 a6 6. Bb3 Ba7 7. Nbd2 O-O 8. Nc4 d6 9. Bg5 Qe7 10. Ne3 Be6 11. Nh4 g6 12. Qf3 Kg7 13. Qg3 Rfe8 14. Bxe6 fxe6 15. O-O Nh5 16. Qg4 Qf7 17. Nc4 Rf8 18. Be3 Nf4 19. Bxa7 Rxa7 20. Rad1 Raa8 21. Kh1 Qf6 22. g3 h5 23. Qf3 Nh3 24. Qxf6+ Rxf6 25. Kg2 Ng5 26. f4 Nf7 27. Rf2 exf4 28. gxf4 Rf8 29. Rdf1 g5 30. fxg5 Rxf2+ 31. Rxf2 Nxg5 32. Rxf8 Kxf8 33. Nf3 Nf7 34. Ne3 Kg7 35. Kg3 Kg6 36. Nh4+ Kg5 37. Nf3+ Kf6 38. Ng2 Nce5 39. Nxe5 Nxe5 40. Nf4 Ke7 41. b3 h4+ 42. Kxh4 Nf3+ 43. Kg3 Nd2 44. h4 Nb1 45. Ne2 Kf6 46. Kf4 Nd2 47. Ke3 Nf1+ 48. Kf2 Nd2 49. Ke3 Nf1+ 50. Kf4 Nd2 51. h5 e5+ 52. Kg4 Nf1 53. h6 Kg6 54. h7 Kxh7 55. Kf5 Ne3+ 56. Ke6 Kg6 57. Kd7 Kg5 58. Kxc7 Kg4 59. Kxd6 Kf3 60. Nc1 Nd1 61. Kxe5 Nxc3 62. b4 Ke3 63. a3 Kd2 64. Nb3+ Kxd3 65. Nc5+ Kc4 66. Nxb7 Kb3 67. Nc5+ Kxa3 68. Nxa6 Ka4 69. Kd4 Nxe4 70. Kxe4 Kb5 71. Kd5 Kxa6 72. Kc6 Ka7 73. Kc7 Ka6 74. Kc6 Ka7 75. b5 Kb8 76. Kb6 Ka8 77. Kc7 Ka7 78. b6+ 1-0


[Site "https://www.chess.com"]

[Event "Titled Tuesday Blitz June 6 Early 2023"]
[White "Streltsov, Alexey"]
[Black "Khumalo, Keith"]
[WhiteFideId "24104434"]
[BlackFideId "14319470"]
[WhiteElo "2542"]
[BlackElo "2056"]
[Result "1-0"]
[Round "7"]
[TimeControl "180+2"]
[Date "2023.06.06"]
[WhiteClock "0:00:45"]
[BlackClock "0:01:34"]
[Board "59"]

1. d4 Nf6 2. Nc3 d5 3. Bf4 a6 4. e3 e6 5. g4 Bd6 6. g5 Nfd7 7. Bxd6 cxd6 8. h4 h6 9. f4 hxg5 10. fxg5 Nc6 11. Qf3 Nf8 12. O-O-O Bd7 13. Kb1 Qc7 14. Bd3 Nb4 15. g6 fxg6 16. h5 Nxd3 17. cxd3 O-O-O 18. Rc1 Bc6 19. e4 Kb8 20. exd5 exd5 21. Nxd5 Qa5 22. Rxc6 bxc6 23. Nf4 Qe1+ 24. Kc2 g5 25. Nge2 Qa5 26. Ng2 Ne6 27. Ne3 Rhe8 28. Nc4 Qxa2 29. Qxc6 Qa4+ 30. Qxa4 1-0


[Site "https://www.chess.com"]